TOP OF THE 1ST |
Jeffersonville-Youngsville Central HS Trojans batting - Pitching for Masconomet HS Chieftans : RHP Emerson Gibbon
|
Pitching: RHP Emerson Gibbon
|
|
Batting: RHB José Rocha
|
0-0: Ball 1-0: Reached on error, E5 (Groundball, 56S)
|
Batting: LHB Tomás Mata
|
0-0: Ball 1-0: Ball 2-0: Called Strike 2-1: Called Strike 2-2: Strikes out swinging
|
Batting: RHB Glenn Brooks
|
0-0: Called Strike 0-1: Ball 1-1: Called Strike 1-2: Ball 2-2: Ball 3-2: Foul Ball, location: 2F 3-2: Foul Ball, location: 2F 3-2: Ground out 6-3 (Groundball, 6M) José Rocha to second
|
Batting: LHB Tony Chávez
|
0-0: Swinging Strike 0-1: Ball 1-1: Fly out, F8 (Line Drive, 8LM)
|
Top of the 1st over - 0 run(s), 0 hit(s), 1 error(s), 1 left on base; Jeffersonville-Youngsville Central HS 0 - Masconomet HS 0 |
BOTTOM OF THE 1ST |
Masconomet HS Chieftans batting - Pitching for Jeffersonville-Youngsville Central HS Trojans : RHP Luis Pagán
|
Pitching: RHP Luis Pagán
|
|
Batting: RHB Kenny Canady
|
0-0: Called Strike 0-1: Ball 1-1: Ball 2-1: Foul Ball, location: 2F 2-2: Foul Ball, location: 2F 2-2: Foul Ball, location: 2F 2-2: Ball 3-2: Fly out, F4 (Line Drive, 4)
|
Batting: RHB Rob Palmer
|
0-0: Foul Ball, location: 2F 0-1: Ball 1-1: Ball 2-1: Ground out 5-3 (Groundball, 5)
|
Batting: RHB Alec Bowers
|
0-0: Ball 1-0: Foul Ball, location: 2F 1-1: Foul Ball, location: 2F 1-2: Ball 2-2: Ball 3-2: Base on Balls
|
Batting: RHB Josh Martin
|
0-0: Ball 1-0: Foul Ball, location: 2F 1-1: Foul Ball, location: 2F 1-2: Ball 2-2: Foul Ball, location: 2F 2-2: Ground out U3 (Groundball, 3S)
|
Bottom of the 1st over - 0 run(s), 0 hit(s), 0 error(s), 1 left on base; Jeffersonville-Youngsville Central HS 0 - Masconomet HS 0 |
TOP OF THE 2ND |
Jeffersonville-Youngsville Central HS Trojans batting - Pitching for Masconomet HS Chieftans : RHP Emerson Gibbon
|
Batting: RHB Ben Bradley
|
0-0: Foul Ball, location: 2F 0-1: Ball 1-1: Foul Ball, location: 2F 1-2: Ball 2-2: Foul Ball, location: 2F 2-2: Fly out, F6 (Popup, 6D)
|
Batting: LHB Ben Webb
|
0-0: Called Strike 0-1: Swinging Strike 0-2: Ball 1-2: Ball 2-2: Strikes out swinging
|
Batting: LHB Steve Parker
|
0-0: Swinging Strike 0-1: Ball 1-1: Called Strike 1-2: Strikes out looking
|
Top of the 2nd over - 0 run(s), 0 hit(s), 0 error(s), 0 left on base; Jeffersonville-Youngsville Central HS 0 - Masconomet HS 0 |
BOTTOM OF THE 2ND |
Masconomet HS Chieftans batting - Pitching for Jeffersonville-Youngsville Central HS Trojans : RHP Luis Pagán
|
Batting: RHB Bill Salinas
|
0-0: Called Strike 0-1: Ball 1-1: Ball 2-1: Swinging Strike 2-2: SOLO HOME RUN (Flyball, 78XD), Distance : 440 ft
|
Batting: SHB Carl Savage
|
0-0: Called Strike 0-1: Called Strike 0-2: Ball 1-2: Ground out 4-3 (Groundball, 4M)
|
Batting: RHB Burt Scott
|
0-0: Called Strike 0-1: Ball 1-1: SINGLE (Line Drive, 5L)
|
Batting: RHB Jack Bowman
|
0-0: Foul Ball, location: 2F 0-1: Swinging Strike 0-2: Strikes out looking
|
Batting: RHB Lee Justice
|
0-0: Swinging Strike 0-1: Ball 1-1: Swinging Strike 1-2: Strikes out looking
|
Bottom of the 2nd over - 1 run(s), 2 hit(s), 0 error(s), 1 left on base; Jeffersonville-Youngsville Central HS 0 - Masconomet HS 1 |
TOP OF THE 3RD |
Jeffersonville-Youngsville Central HS Trojans batting - Pitching for Masconomet HS Chieftans : RHP Emerson Gibbon
|
Batting: RHB Mike McGee
|
0-0: Ball 1-0: Ball 2-0: Fly out, F8 (Flyball, 78XD)
|
Batting: RHB Duane Bradley
|
0-0: Ball 1-0: Swinging Strike 1-1: Ball 2-1: Called Strike 2-2: Foul Ball, location: 2F 2-2: Strikes out swinging
|
Batting: RHB José Rocha
|
0-0: Ball 1-0: Ball 2-0: Foul Ball, location: 2F 2-1: Ball 3-1: Ground out 6-3 (Groundball, 6MS)
|
Top of the 3rd over - 0 run(s), 0 hit(s), 0 error(s), 0 left on base; Jeffersonville-Youngsville Central HS 0 - Masconomet HS 1 |
BOTTOM OF THE 3RD |
Masconomet HS Chieftans batting - Pitching for Jeffersonville-Youngsville Central HS Trojans : RHP Luis Pagán
|
Batting: RHB Kenny Canady
|
0-0: Swinging Strike 0-1: Ball 1-1: Called Strike 1-2: Strikes out looking
|
Batting: RHB Rob Palmer
|
0-0: Foul Ball, location: 2F 0-1: Ball 1-1: Ball 2-1: Foul Ball, location: 2F 2-2: DOUBLE (Flyball, 9LM) - OUT at third base trying to stretch hit.
|
Batting: RHB Alec Bowers
|
0-0: Called Strike 0-1: Ball 1-1: Ground out 4-3 (Groundball, 4)
|
Bottom of the 3rd over - 0 run(s), 1 hit(s), 0 error(s), 0 left on base; Jeffersonville-Youngsville Central HS 0 - Masconomet HS 1 |
TOP OF THE 4TH |
Jeffersonville-Youngsville Central HS Trojans batting - Pitching for Masconomet HS Chieftans : RHP Emerson Gibbon
|
Batting: LHB Tomás Mata
|
0-0: Ball 1-0: Foul Ball, location: 2F 1-1: Called Strike 1-2: Ball 2-2: Ball 3-2: Base on Balls
|
Batting: RHB Glenn Brooks
|
0-0: Swinging Strike 0-1: Foul Ball, location: 2F 0-2: Ball 1-2: Foul Ball, location: 2F 1-2: Ball 2-2: SINGLE (Groundball, 56D) Tomás Mata to second
|
Batting: LHB Tony Chávez
|
0-0: Ball 1-0: Swinging Strike 1-1: Ball 2-1: Foul Ball, location: 2F 2-2: SINGLE (Line Drive, 8LS) Tomás Mata to third Glenn Brooks to second
|
Batting: RHB Ben Bradley
|
0-0: Foul Ball, location: 2F 0-1: Ball 1-1: Ball 2-1: Foul Ball, location: 2F 2-2: Ball 3-2: Base on Balls Tomás Mata scores Glenn Brooks to third Tony Chávez to second
|
Batting: LHB Ben Webb
|
0-0: Foul Ball, location: 2F 0-1: Foul Ball, location: 2F 0-2: Ball 1-2: Foul Ball, location: 2F 1-2: Strikes out looking
|
Batting: LHB Steve Parker
|
0-0: Ball 1-0: SINGLE (Flyball, 7S) Glenn Brooks scores Tony Chávez to third Ben Bradley to second Runner from 3rd tries for Home, SAFE, no throw
|
Batting: RHB Mike McGee
|
0-0: Ball 1-0: Called Strike 1-1: Grounds into double play, 5-4-3 (Groundball, 5)
|
Top of the 4th over - 3 run(s), 3 hit(s), 0 error(s), 1 left on base; Jeffersonville-Youngsville Central HS 3 - Masconomet HS 1 |
BOTTOM OF THE 4TH |
Masconomet HS Chieftans batting - Pitching for Jeffersonville-Youngsville Central HS Trojans : RHP Luis Pagán
|
Batting: RHB Josh Martin
|
0-0: Foul Ball, location: 2F 0-1: Called Strike 0-2: Foul Ball, location: 2F 0-2: Ball 1-2: Ball 2-2: Ball 3-2: SINGLE (Line Drive, 7LS)
|
Batting: RHB Bill Salinas
|
0-0: Ball 1-0: Called Strike 1-1: Ball 2-1: Ball 3-1: Grounds into double play, 4-6-3 (Groundball, 4)
|
Batting: SHB Carl Savage
|
0-0: Ball 1-0: Ball 2-0: Called Strike 2-1: Foul Ball, location: 2F 2-2: Ball 3-2: Base on Balls
|
Batting: RHB Burt Scott
|
0-0: Ball 1-0: Swinging Strike 1-1: Called Strike 1-2: Ball 2-2: Foul Ball, location: 2F 2-2: Ball 3-2: Base on Balls Carl Savage to second
|
Pitching: RHP Jim Bryant
|
|
Batting: RHB Jack Bowman
|
0-0: Called Strike 0-1: Ball 1-1: Called Strike 1-2: Foul Ball, location: 2F 1-2: Ball 2-2: Hit by Pitch Carl Savage to third Burt Scott to second
|
Batting: RHB Lee Justice
|
0-0: Ball 1-0: Ball 2-0: Ball 3-0: Called Strike 3-1: Base on Balls Carl Savage scores Burt Scott to third Jack Bowman to second
|
Batting: RHB Kenny Canady
|
0-0: Foul Ball, location: 2F 0-1: Called Strike 0-2: Foul Ball, location: 2F 0-2: Ball 1-2: Ball 2-2: Ball 3-2: Base on Balls Burt Scott scores Jack Bowman to third Lee Justice to second
|
Batting: RHB Rob Palmer
|
0-0: Called Strike 0-1: Ball 1-1: Called Strike 1-2: Foul Ball, location: 2F 1-2: Foul Ball, location: 2F 1-2: Fly out, F8 (Flyball, 8RM)
|
Bottom of the 4th over - 2 run(s), 1 hit(s), 0 error(s), 3 left on base; Jeffersonville-Youngsville Central HS 3 - Masconomet HS 3 |
TOP OF THE 5TH |
Jeffersonville-Youngsville Central HS Trojans batting - Pitching for Masconomet HS Chieftans : RHP Emerson Gibbon
|
Pitching: RHP Myron Brown
|
|
Batting: RHB Duane Bradley
|
0-0: Fly out, F9 (Flyball, 89S)
|
Batting: RHB José Rocha
|
0-0: Ball 1-0: SINGLE (Groundball, 34D)
|
Batting: LHB Tomás Mata
|
0-0: Ball 1-0: Fly out, F4 (Line Drive, 4)
|
Batting: RHB Glenn Brooks
|
0-0: Ball 1-0: Ball 2-0: Foul Ball, location: 2F 2-1: Swinging Strike 2-2: Foul Ball, location: 2F 2-2: Ball 3-2: Fly out, F8 (Flyball, 8RM)
|
Top of the 5th over - 0 run(s), 1 hit(s), 0 error(s), 1 left on base; Jeffersonville-Youngsville Central HS 3 - Masconomet HS 3 |
BOTTOM OF THE 5TH |
Masconomet HS Chieftans batting - Pitching for Jeffersonville-Youngsville Central HS Trojans : RHP Jim Bryant
|
Batting: RHB Alec Bowers
|
0-0: Ball 1-0: Ball 2-0: Ball 3-0: Base on Balls
|
Batting: RHB Josh Martin
|
0-0: SINGLE (Line Drive, 89M) Alec Bowers to second
|
Batting: RHB Bill Salinas
|
0-0: Fly out, F7 (Flyball, 7S)
|
Batting: SHB Carl Savage
|
0-0: Called Strike 0-1: Called Strike 0-2: Ball 1-2: Ball 2-2: Foul Ball, location: 2F 2-2: Fielders Choice at 2nd, 4-6 (Groundball, 4) Alec Bowers to third
|
Batting: RHB Burt Scott
|
0-0: Ball Wild Pitch! Alec Bowers scores Carl Savage to second 1-0: Ball 2-0: Ball 3-0: Base on Balls
|
Batting: RHB Jack Bowman
|
0-0: Ball 1-0: Called Strike 1-1: Called Strike 1-2: Ball 2-2: Ball 3-2: Base on Balls Carl Savage to third Burt Scott to second
|
Batting: RHB Lee Justice
|
0-0: Ball 1-0: Ball 2-0: Called Strike 2-1: SINGLE (Flyball, 7S) Carl Savage scores Burt Scott to third Jack Bowman to second Runner from 3rd tries for Home, SAFE, no throw
|
Pitching: RHP Flint Pérez
|
|
Batting: RHB Kenny Canady
|
0-0: Called Strike 0-1: SINGLE (Line Drive, 7S) Jack Bowman to third Lee Justice to second
|
Batting: RHB Rob Palmer
|
0-0: Ball 1-0: Foul Ball, location: 2F 1-1: Ball 2-1: Foul Ball, location: 2F 2-2: SINGLE (Line Drive, 78S) Jack Bowman scores Lee Justice to third Kenny Canady to second Runner from 3rd tries for Home, SAFE, no throw
|
Batting: RHB Alec Bowers
|
0-0: Foul Ball, location: 2F 0-1: Ball 1-1: Ball 2-1: DOUBLE (Groundball, 3L) Kenny Canady scores Rob Palmer to third Runner from 3rd tries for Home, throw and OUT!
|
Bottom of the 5th over - 6 run(s), 5 hit(s), 0 error(s), 1 left on base; Jeffersonville-Youngsville Central HS 3 - Masconomet HS 9 |
TOP OF THE 6TH |
Jeffersonville-Youngsville Central HS Trojans batting - Pitching for Masconomet HS Chieftans : RHP Myron Brown
|
Batting: LHB Tony Chávez
|
0-0: Ball 1-0: Foul Ball, location: 2F 1-1: SINGLE (Flyball, 8LS)
|
Batting: RHB Ben Bradley
|
0-0: Foul Ball, location: 2F 0-1: Ball 1-1: Called Strike 1-2: Fly out, F7 (Flyball, 78D)
|
Batting: LHB Ben Webb
|
0-0: Called Strike 0-1: Ball 1-1: Foul Ball, location: 2F 1-2: Ball 2-2: Ball 3-2: Fly out, F5 (Line Drive, 56) Lined into DP, 5-3 (Line Drive, 56)
|
Top of the 6th over - 0 run(s), 1 hit(s), 0 error(s), 0 left on base; Jeffersonville-Youngsville Central HS 3 - Masconomet HS 9 |
BOTTOM OF THE 6TH |
Masconomet HS Chieftans batting - Pitching for Jeffersonville-Youngsville Central HS Trojans : RHP Flint Pérez
|
Batting: RHB Josh Martin
|
0-0: Foul Ball, location: 2F 0-1: Called Strike 0-2: Foul Ball, location: 2F 0-2: Ball 1-2: Foul Ball, location: 2F 1-2: Foul Ball, location: 2F 1-2: Reached on error, E9 (Flyball, 9)
|
Batting: RHB Bill Salinas
|
0-0: Ball Josh Martin steals 2nd base 1-0: Fly out, F9 (Line Drive, 9)
|
Batting: SHB Carl Savage
|
0-0: Called Strike 0-1: Ball 1-1: SINGLE (Groundball, 34) (infield hit) Josh Martin to third
|
Batting: RHB Burt Scott
|
0-0: Ball 1-0: Ball 2-0: Ball 3-0: Called Strike 3-1: Swinging Strike 3-2: Foul Ball, location: 2F 3-2: Foul Ball, location: 2F 3-2: DOUBLE (Line Drive, 9) Josh Martin scores Carl Savage to third
|
Batting: RHB Jack Bowman
|
0-0: Ball 1-0: Ball 2-0: Ground out 6-3 (Groundball, 6M) Carl Savage scores Burt Scott to third
|
Pitching: RHP Victor Justice
|
|
Batting: RHB Lee Justice
|
0-0: Foul Ball, location: 2F 0-1: Fly out, F4 (Line Drive, 4)
|
Bottom of the 6th over - 2 run(s), 2 hit(s), 1 error(s), 1 left on base; Jeffersonville-Youngsville Central HS 3 - Masconomet HS 11 |
TOP OF THE 7TH |
Jeffersonville-Youngsville Central HS Trojans batting - Pitching for Masconomet HS Chieftans : RHP Myron Brown
|
Batting: LHB Steve Parker
|
0-0: Ball 1-0: Called Strike 1-1: Foul Ball, location: 2F 1-2: Ball 2-2: Ball 3-2: Base on Balls
|
Batting: RHB Mike McGee
|
0-0: Ball 1-0: Ball 2-0: Ball 3-0: Base on Balls Steve Parker to second
|
Batting: RHB Duane Bradley
|
0-0: Called Strike 0-1: Called Strike 0-2: Ball 1-2: Ball 2-2: Fly out, F8 (Line Drive, 89M)
|
Batting: RHB José Rocha
|
0-0: Called Strike 0-1: Swinging Strike 0-2: Strikes out swinging
|
Batting: LHB Tomás Mata
|
0-0: Foul Ball, location: 2F 0-1: Ball 1-1: Ball 2-1: Ball 3-1: Base on Balls Steve Parker to third Mike McGee to second
|
Batting: RHB Glenn Brooks
|
0-0: Called Strike 0-1: GRAND SLAM HOME RUN (Flyball, 7D), Distance : 394 ft
|
Batting: LHB Tony Chávez
|
0-0: Fly out, F9 (Flyball, 9D)
|
Top of the 7th over - 4 run(s), 1 hit(s), 0 error(s), 0 left on base; Jeffersonville-Youngsville Central HS 7 - Masconomet HS 11 |
BOTTOM OF THE 7TH |
Masconomet HS Chieftans batting - Pitching for Jeffersonville-Youngsville Central HS Trojans : RHP Victor Justice
|
Batting: RHB Kenny Canady
|
0-0: Ball 1-0: Ball 2-0: Foul Ball, location: 2F 2-1: Foul Ball, location: 2F 2-2: Foul Ball, location: 2F 2-2: Ball 3-2: Foul Ball, location: 2F 3-2: Fly out, F9 (Flyball, 9S)
|
Batting: RHB Rob Palmer
|
0-0: Swinging Strike 0-1: Ball 1-1: Ball 2-1: Ball 3-1: Foul Ball, location: 2F 3-2: Strikes out swinging
|
Batting: RHB Alec Bowers
|
0-0: Swinging Strike 0-1: Ball 1-1: Foul Ball, location: 2F 1-2: Ball 2-2: Fly out, F8 (Flyball, 8LD)
|
Bottom of the 7th over - 0 run(s), 0 hit(s), 0 error(s), 0 left on base; Jeffersonville-Youngsville Central HS 7 - Masconomet HS 11 |
TOP OF THE 8TH |
Jeffersonville-Youngsville Central HS Trojans batting - Pitching for Masconomet HS Chieftans : RHP Myron Brown
|
Pitching: RHP Shawn Gross
|
|
Batting: RHB Ben Bradley
|
0-0: Called Strike 0-1: SINGLE (Groundball, 4MD)
|
Batting: LHB Ben Webb
|
0-0: Called Strike 0-1: Called Strike 0-2: Ball 1-2: Ball 2-2: Strikes out swinging
|
Batting: LHB Steve Parker
|
0-0: Called Strike 0-1: Ball 1-1: Ball 2-1: Foul Ball, location: 2F 2-2: Ball 3-2: Base on Balls Ben Bradley to second
|
Pitching: RHP Mark Jones
|
|
Batting: RHB Mike McGee
|
0-0: Ball 1-0: Ball 2-0: Ball 3-0: Base on Balls Ben Bradley to third Steve Parker to second
|
Batting: RHB Duane Bradley
|
0-0: Swinging Strike 0-1: Ball 1-1: Swinging Strike 1-2: Grounds into double play, 5-4-3 (Groundball, 56)
|
Top of the 8th over - 0 run(s), 1 hit(s), 0 error(s), 2 left on base; Jeffersonville-Youngsville Central HS 7 - Masconomet HS 11 |
BOTTOM OF THE 8TH |
Masconomet HS Chieftans batting - Pitching for Jeffersonville-Youngsville Central HS Trojans : RHP Victor Justice
|
Batting: RHB Josh Martin
|
0-0: Ball 1-0: Ball 2-0: Called Strike 2-1: Foul Ball, location: 2F 2-2: Fly out, F3 (Popup, 3S)
|
Batting: RHB Bill Salinas
|
0-0: Called Strike 0-1: SINGLE (Groundball, 6MD)
|
Batting: SHB Carl Savage
|
0-0: Ball 1-0: Called Strike 1-1: Foul Ball, location: 2F 1-2: Ground out 6-3 (Groundball, 6MS) Bill Salinas to second
|
Batting: RHB Burt Scott
|
0-0: Ball 1-0: Called Strike 1-1: Foul Ball, location: 2F 1-2: Ball 2-2: Strikes out swinging
|
Bottom of the 8th over - 0 run(s), 1 hit(s), 0 error(s), 1 left on base; Jeffersonville-Youngsville Central HS 7 - Masconomet HS 11 |
TOP OF THE 9TH |
Jeffersonville-Youngsville Central HS Trojans batting - Pitching for Masconomet HS Chieftans : RHP Mark Jones
|
Batting: RHB José Rocha
|
0-0: Called Strike 0-1: Swinging Strike 0-2: Foul Ball, location: 2F 0-2: Ball 1-2: Foul Ball, location: 2F 1-2: Ball 2-2: Strikes out looking
|
Batting: LHB Tomás Mata
|
0-0: Ball 1-0: Ball 2-0: Called Strike 2-1: Swinging Strike 2-2: Ball 3-2: Base on Balls
|
Batting: RHB Glenn Brooks
|
0-0: Ball 1-0: Ball 2-0: Swinging Strike 2-1: Foul Ball, location: 2F 2-2: Foul Ball, location: 2F 2-2: Fly out, F8 (Flyball, 8RM)
|
Batting: LHB Tony Chávez
|
0-0: Foul Ball, location: 2F 0-1: Called Strike 0-2: Ball 1-2: Fly out, F7 (Flyball, 78S)
|
Top of the 9th over - 0 run(s), 0 hit(s), 0 error(s), 1 left on base; Jeffersonville-Youngsville Central HS 7 - Masconomet HS 11 |
|